 Dungeon Crawl Stone Soup version 0.20-a0-792-g09bcfd3 (webtiles) character file.

3619 Xinu the Spear-Bearer (level 9, 0/68 HPs)
             Began as a Demonspawn Wanderer on Feb 28, 2017.
             Was a Priest of Okawaru.
             Slain by Joseph
             ... wielding a +0 quarterstaff
              (6 damage)
             ... on level 8 of the Dungeon.
             The game lasted 00:23:43 (7831 turns).

Xinu the Spear-Bearer (Demonspawn Wanderer)         Turns: 7831, Time: 00:23:44

Health: 0/68       AC:  6    Str: 12    XL:     9   Next: 86%
Magic:  11/11      EV: 14    Int: 17    God:    Okawaru [***...]
Gold:   434        SH:  6    Dex: 13    Spells: 8/8 levels left

rFire    . . .     SeeInvis .   j - +2 short sword (venom)
rCold    . . .     Gourm    .   B - +0 leather armour (curse)
rNeg     . . .     Faith    +   l - +1 buckler
rPois    .         Spirit   .   n - +2 hat
rElec    .         Reflect  .   F - +0 cloak
rCorr    .         Harm     .   (no gloves)
MR       .....                  (no boots)
Stlth    +.........             v - amulet of faith
Regen    0.3/turn               (no ring)
MPRegen  0.2/turn               (no ring)

@: no status effects
A: antennae 1, repulsion field 2, powered by death 1
a: Heroism, Renounce Religion


You were on level 8 of the Dungeon.
You worshipped Okawaru.
Okawaru was most pleased with you.
You were not hungry.

You visited 2 branches of the dungeon, and saw 9 of its levels.

You collected 434 gold pieces.

Inventory:

Hand Weapons
 b - a +2 blowgun
 c - a +0 spear of freezing
 j - a +2 short sword of venom (weapon)
 u - a +1 dagger of draining
Missiles
 s - 19 poisoned needles
Armour
 e - a +0 robe
 l - a +1 buckler (worn)
 n - a +2 hat (worn)
 q - a +0 ring mail
 w - a +3 leather armour
 B - a cursed +0 leather armour (worn)
 C - a -2 leather armour
 F - a +0 cloak (worn)
Jewellery
 o - an uncursed ring of ice
 r - a cursed amulet of inaccuracy {unknown}
 v - an amulet of faith (around neck)
 A - an uncursed ring of teleportation
Wands
 k - a wand of flame (17/48)
 y - a wand of acid (8/15)
 G - a wand of confusion (9/48)
Scrolls
 d - 3 scrolls of teleportation
 g - a scroll of identify
 i - a scroll of amnesia
 H - 3 scrolls of fog
 I - a scroll of remove curse
Potions
 h - 2 potions of lignification
 m - 4 potions of agility
 p - a potion of ambrosia
 z - a potion of brilliance
Books
 E - a book of Changes

   Spells                             Type                      Level
   a - Beastly Appendage              Transmutation                1
   b - Sticks to Snakes               Transmutation                2
   c - Spider Form                    Transmutation/Poison         3
   d - Ice Form                       Ice/Transmutation            4
   e - Blade Hands                    Transmutation                5
Comestibles
 f - 3 bread rations
 t - 4 meat rations
 x - a royal jelly
 D - 2 fruits


   Skills:
 - Level 5.4 Fighting
   Level 1.7(6.4) Axes
 * Level 9.8(9.9) Polearms
 - Level 1.0 Throwing
 - Level 4.0 Armour
 - Level 1.0 Dodging
 - Level 1.0 Stealth
 - Level 5.0 Shields
 + Level 3.5 Evocations


You had 8 spell levels left.
You didn't know any spells.

Dungeon Overview and Level Annotations

Branches:
Dungeon (8/15)             Temple (1/1) D:6
   Lair: D:8-11

Altars:
Ashenzari
Cheibriados
Elyvilon
Hepliaklqana
Nemelex Xobeh
Okawaru
Ru
Trog
Uskayaw
Vehumet
Wu Jian
Xom
Zin
The Shining One

Shops:
D:4 **[   D:5 }

Annotations:
D:8 Gastronok, Joseph


Innate Abilities, Weirdness & Mutations

You have a pair of small antennae on your head.
You are surrounded by a moderate repulsion field. (EV +3)
You regenerate a little health from kills.


Message History

Aiming: Confuse
Press: ? - help, Shift-Dir - straight line, f/p - Joseph
Aim: Joseph, wielding a quarterstaff and wearing a shiny ring mail (lightly wounded, poisoned, chance to defeat MR: 38%) Joseph resists with some effort.
This wand has 11 charges left.
Joseph hits you with an uncursed quarterstaff!
* * * LOW HITPOINT WARNING * * *
Evoke which item? (* to show all) (? for menu, Esc to quit)
Aiming: Confuse
Press: ? - help, Shift-Dir - straight line, f/p - Joseph
Aim: Joseph, wielding a quarterstaff and wearing a shiny ring mail (lightly wounded, poisoned, chance to defeat MR: 38%) Joseph resists with some effort.
This wand has 10 charges left.
Joseph hits you with an uncursed quarterstaff.
* * * LOW HITPOINT WARNING * * *
Evoke which item? (* to show all) (? for menu, Esc to quit)
Aiming: Confuse
Press: ? - help, Shift-Dir - straight line, f/p - Joseph
Aim: Joseph, wielding a quarterstaff and wearing a shiny ring mail (lightly wounded, poisoned, chance to defeat MR: 38%) Joseph resists with some effort.
This wand has 9 charges left.
Joseph hits you with an uncursed quarterstaff.
You die...

#.# #W.# #.# #o## #.#
#(# #.# #.#########
#.# #.c5{...... #.#
######.#### #
#.##########)#
....####........DW@.#
#....@@..##########
########........
#########


You could see Joseph.

Vanquished Creatures
  A centaur warrior (D:8)
  A dream sheep (D:8)
  2 yaks (D:7)
  Edmund (D:5)
  A hungry ghost (D:7)
  A steam dragon (D:8)
  The ghost of nono the Chucker, an amateur VSHu (D:6)
  An orc warrior (D:8)
  A phantom (D:7)
  A black bear (D:3)
  2 ogres
  3 centaurs
  A crocodile (D:8)
  2 big kobolds
  Blork the orc (D:4)
  2 bullfrogs
  2 scorpions (D:4)
  2 killer bees
  2 crimson imps (D:5)
  A quasit (D:7)
  A hound (D:4)
  A jelly (D:7)
  An iguana (D:5)
  2 orc priests
  A gnoll shaman (D:5)
  3 orc wizards
  5 worker ants
  A hound skeleton (D:5)
  A howler monkey zombie (D:6)
  7 gnolls
  11 adders
  3 shadow imps
  9 dart slugs
  2 worms
  3 leopard geckos
  18 orcs
  3 ball pythons
  7 bats
  4 giant cockroaches
  10 goblins
  7 hobgoblins
  10 jackals
  3 quokkas
  6 frilled lizards
  A jackal zombie (D:7)
  9 kobolds
  A quokka skeleton (D:7)
  7 rats
166 creatures vanquished.

Notes
Turn   | Place    | Note
-------+----------+-------------------------------------------
     0 | D:1      | Xinu the Demonspawn Wanderer began the quest for the Orb.
     0 | D:1      | Xinu set off with: a curare-tipped needle, a +2 blowgun, a +0 spear, a scroll of teleportation, a +0 robe, a bread ration
     0 | D:1      | Reached XP level 1. HP: 13/13 MP: 1/1
   115 | D:1      | Reached skill level 1 in Fighting
   295 | D:1      | Gained mutation: You are surrounded by a mild repulsion field. (EV +2) [demonic ancestry]
   295 | D:1      | Reached XP level 2. HP: 21/21 MP: 2/2
   789 | D:2      | Gained mutation: You regenerate a little health from kills. [demonic ancestry]
   789 | D:2      | Reached XP level 3. HP: 23/28 MP: 3/3
  1299 | D:2      | Reached skill level 3 in Polearms
  1549 | D:2      | Reached XP level 4. HP: 28/34 MP: 4/4
  1889 | D:3      | Reached skill level 4 in Polearms
  1898 | D:3      | Reached XP level 5. HP: 40/40 MP: 5/5
  2150 | D:3      | Noticed a black bear
  2649 | D:3      | Killed a black bear
  2649 | D:3      | Reached skill level 5 in Polearms
  2649 | D:3      | Gained mutation: You have a pair of small antennae on your head. [demonic ancestry]
  2649 | D:3      | Reached XP level 6. HP: 41/46 MP: 6/6
  2721 | D:4      | Found Lagailuc's Antique Armour Shop.
  2797 | D:4      | Reached skill level 6 in Polearms
  2966 | D:4      | Found Pihao's Assorted Antiques.
  3191 | D:4      | Noticed Blork the orc
  3200 | D:4      | Killed Blork the orc
  3200 | D:4      | Reached XP level 7. HP: 52/52 MP: 7/7
  3334 | D:4      | Reached skill level 1 in Shields
  3367 | D:4      | Found Pitawae's Assorted Antiques.
  3537 | D:5      | Entered Level 5 of the Dungeon
  3544 | D:5      | Found a glowing golden altar of the Shining One.
  3606 | D:5      | Found Baiqypsirul's Gadget Shop.
  3647 | D:5      | Found a radiant altar of Vehumet.
  3720 | D:5      | Noticed Edmund
  3749 | D:5      | Killed Edmund
  3784 | D:5      | Found a glowing silver altar of Zin.
  3960 | D:5      | Gained mutation: You are surrounded by a moderate repulsion field. (EV +3) [demonic ancestry]
  3960 | D:5      | Reached XP level 8. HP: 48/60 MP: 8/8
  4767 | D:6      | Found a staircase to the Ecumenical Temple.
  4775 | Temple   | Entered the Ecumenical Temple
  4796 | Temple   | Became a worshipper of Warmaster Okawaru
  4913 | D:6      | Reached skill level 7 in Polearms
  5136 | D:6      | You fall through a shaft!
  5136 | D:7      | Found a shimmering altar of Xom.
  5136 | D:7      | Found a hide-covered altar of Uskayaw.
  5136 | D:7      | Found a basalt altar of Yredelemnul.
  5136 | D:7      | Found a radiant altar of Vehumet.
  5136 | D:7      | Found a hazy altar of Hepliaklqana.
  5136 | D:7      | Found a bloodstained altar of Trog.
  5363 | D:7      | Reached * piety under Okawaru
  5363 | D:7      | Reached skill level 5 in Fighting
  6066 | D:6      | Noticed nono's ghost (amateur VSHu)
  6067 | D:6      | Found an ornate altar of the Wu Jian Council.
  6084 | D:6      | Killed nono's ghost
  6687 | D:8      | Noticed a dream sheep
  6691 | D:8      | Noticed a dream sheep
  6817 | D:7      | Reached XP level 9. HP: 28/68 MP: 9/9
  6853 | D:7      | Reached skill level 8 in Polearms
  6999 | D:7      | Reached ** piety under Okawaru
  7091 | D:8      | Reached skill level 5 in Shields
  7333 | D:8      | Noticed Gastronok
  7411 | D:8      | Noticed a tengu warrior
  7538 | D:8      | Noticed Joseph
  7547 | D:8      | Noticed a centaur warrior
  7575 | D:8      | Killed a centaur warrior
  7575 | D:8      | Reached *** piety under Okawaru
  7575 | D:8      | Reached skill level 9 in Polearms
  7831 | D:8      | Slain by Joseph

Vault maps used:
D:1:      scummos_arrival_gate
D:2:      first_bread, minmay_tromino_mix6
D:4:      serial_shops, nicolae_shop_temple_entry_statues_fountains, shop,
          shop_statue, uniq_blork_the_orc
D:5:      kennysheep_slugbush, lemuel_crystal_altar, lemuel_crystal_altar,
          vehumet_altar_wand_db, serial_shops, shop_fountains,
          kennysheep_generic_room_12, uniq_edmund
D:6:      nicolae_overflow_crystal_walls, minmay_temple_entry_statues_fountains
D:7:      doesnt_xom_only_xom
D:8:      minmay_cut_squares, chequers_temple_overflow_statue_of_worship,
          hangedman_ranch, uniq_pikel, uniq_gastronok, uniq_joseph
Temple:   regret_index_temple_waves

Skill      XL: |  1  2  3  4  5  6  7  8  9 |
---------------+----------------------------+-----
Fighting       | 1 2 3 4 5 |  5.4
Polearms       | 3 4 5 6 7 9 |  9.8
Shields        | 2 4 5 |  5.0
Armour         | 3 4 |  4.0
Evocations     | 3 |  3.5
Axes           | |  1.7
Throwing       | |  1.0
Dodging        | |  1.0
Stealth        | |  1.0

Action                   |  1- 3 |  4- 6 |  7- 9 || total
-------------------------+-------+-------+-------++-------
Melee: Spear             |    50 |       |    75 ||   125
       Short sword       |    82 |   149 |   362 ||   593
 Fire: Blowgun           |     1 |     2 |    33 ||    36
Evoke: Wand              |       |       |     8 ||     8
  Use: Scroll            |       |     6 |     8 ||    14
       Potion            |       |       |     5 ||     5
 Stab: Sleeping          |     1 |       |     2 ||     3
  Eat: Chunk             |     2 |     5 |    10 ||    17
       Bread ration      |       |       |     2 ||     2
Armor: Robe              |    18 |       |       ||    18
       Ring mail         |     3 |    46 |    31 ||    80
       Leather armour    |       |       |    71 ||    71
Dodge: Dodged            |    77 |   112 |   283 ||   472
Block: Buckler           |       |     1 |   111 ||   112
